 Dungeon Crawl Stone Soup version 0.21.0-3-g78d12a8 (webtiles) character file.

256 BonjourVileCrotch the Ruffian (level 5, -1/46 HPs)
             Began as a Troll Transmuter on Jan 10, 2018.
             Slain by Grinder (5 damage)
             ... on level 3 of the Dungeon.
             The game lasted 00:03:39 (2007 turns).

BonjourVileCrotch the Ruffian (Troll Transmuter)    Turns: 2007, Time: 00:03:40

Health: -1/46      AC:  5    Str: 18    XL:     5   Next: 92%
Magic:  4/5        EV: 10    Int: 10    God:
Gold:   73         SH:  0    Dex: 10    Spells: 3/6 levels left

rFire    . . .     SeeInvis .     - Unarmed
rCold    . . .     Gourm    +   (no shield)
rNeg     . . .     Faith    .   b - +0 robe
rPois    .         Spirit   .   (helmet restricted)
rElec    .         Reflect  .   (no cloak)
rCorr    .         Harm     .   (gloves unavailable)
MR       .....                  (boots unavailable)
Stlth    +.........             (no amulet)
HPRegen  0.55/turn              (no ring)
MPRegen  0.09/turn              (no ring)

@: appendage (expiring), very slightly contaminated
A: large, unfitting armour, claws 3, horns 2, fast metabolism 3, gourmand,
regeneration 1, shaggy fur 1, tough skin 2
a: End Transformation


You were on level 3 of the Dungeon.
You were very full.
You had grown temporary horns.
You visited 1 branch of the dungeon, and saw 3 of its levels.

You collected 73 gold pieces.

Inventory:

Missiles
 a - 45 arrows
Armour
 b - a +0 robe (worn)
Wands
 q - a wand of polymorph (11)
Scrolls
 f - 2 scrolls of teleportation {unknown}
 g - a scroll of blinking {unknown}
 h - 5 scrolls of identify {unknown}
 i - a scroll of amnesia {unknown}
 j - a scroll of enchant weapon {unknown}
 m - 3 scrolls of remove curse {unknown}
 r - a scroll of immolation {unknown}
Potions
 e - a potion of degeneration {unknown}
 k - a potion of heal wounds {unknown}
 l - a potion of brilliance {unknown}
 n - a potion of ambrosia {unknown}
 o - 2 potions of curing {unknown}
Books
 c - a book of Changes

   Spells                             Type                      Level
   a - Beastly Appendage              Transmutation                1
   b - Sticks to Snakes               Transmutation                2
   c - Spider Form                    Transmutation/Poison         3
   d - Ice Form                       Ice/Transmutation            4
   e - Blade Hands                    Transmutation                5
Comestibles
 d - 3 rations
 p - 7 chunks of flesh


   Skills:
 - Level 0.7 Fighting
 - Level 1.5 Dodging
 * Level 5.7 Unarmed Combat
 - Level 1.2 Spellcasting
 + Level 2.8 Transmutations


You had 3 spell levels left.
You knew the following spells:

 Your Spells              Type           Power        Failure   Level  Hunger
a - Beastly Appendage     Tmut           #.....       11%         1    ##.....
b - Sticks to Snakes      Tmut           #.......     16%         2    ###....


Dungeon Overview and Level Annotations

Branches:
Dungeon (3/15)

Altars:
Ashenzari
Fedhas
Nemelex Xobeh
Xom

Annotations:
D:3 Grinder


Innate Abilities, Weirdness & Mutations

You are too large for most types of armour.
You have claws for hands.
Your metabolism is lightning-fast.
You like to eat raw meat.
Your natural rate of healing is unusually fast.
You are covered in fur. (AC +1)
You have very tough skin. (AC +2)
You have a pair of horns on your head.


Message History

Grinder hits you but does no damage. Grinder hits you.
You writhe in agony.
Grinder hits you!
You writhe in agony.
Grinder hits you.
You writhe in agony.
The kobold hits you. Grinder hits you.
* * * LOW HITPOINT WARNING * * *
You writhe in agony.
* * * LOW HITPOINT WARNING * * *
The kobold hits you.
* * * LOW HITPOINT WARNING * * *
Grinder gestures at you.
You shrug off the repeated paralysis!
The kobold barely misses you.
You can move again.
You closely miss Grinder.
Grinder is severely wounded.
Grinder barely misses you. The kobold closely misses you.
You barely miss Grinder.
Grinder is severely wounded.
Grinder hits you.
You die...

≈...... #......≈§
§≈..... #§.....§#
#≈..... #⌠≈....≈#
#≈..... #≈....§§#
#≈....≈ #......§##
##≈.....
#.....§§§####≈≈.....
#.......≈§§≈≈≈......
#..@.§.§§...........
##5K≈§....§.....≈§..
<......≈..§.......≈..#
####................##
####.....§......##
##...≈)≈....##
##.##.######
#.##.#########
#.#...##......


You could see Grinder and a kobold.

Vanquished Creatures
  An ogre (D:2)
  An orc wizard (D:3)
  Natasha (twice) (D:3)
  2 adders (D:3)
  5 worms (D:2)
  A dart slug (D:1)
  A leopard gecko (D:3)
  4 orcs (D:3)
  2 ball pythons (D:3)
  5 goblins
  9 hobgoblins
  9 jackals
  7 kobolds
  2 bats
  A frilled lizard (D:3)
  4 rats
56 creatures vanquished.

Notes
Turn   | Place    | Note
-------+----------+-------------------------------------------
     0 | D:1      | BonjourVileCrotch the Troll Transmuter began the quest for the Orb.
     0 | D:1      | Reached XP level 1. HP: 18/18 MP: 1/1
    49 | D:1      | Found a shattered altar of Ashenzari.
   179 | D:1      | Reached XP level 2. HP: 21/26 MP: 2/2
   464 | D:1      | Learned a level 2 spell: Sticks to Snakes
   788 | D:2      | Reached XP level 3. HP: 32/32 MP: 1/3
   841 | D:2      | Noticed an ogre
   850 | D:2      | Killed an ogre
   850 | D:2      | Reached skill level 4 in Unarmed Combat
   850 | D:2      | Reached XP level 4. HP: 38/40 MP: 0/4
  1292 | D:2      | Reached skill level 5 in Unarmed Combat
  1453 | D:2      | Found a blossoming altar of Fedhas.
  1453 | D:2      | Found a sparkling altar of Nemelex Xobeh.
  1454 | D:2      | Found a shimmering altar of Xom.
  1619 | D:3      | Reached XP level 5. HP: 42/46 MP: 3/5
  1802 | D:3      | Noticed Natasha
  1810 | D:3      | Killed Natasha
  1842 | D:3      | Noticed Natasha
  1847 | D:3      | Killed Natasha
  1990 | D:3      | Noticed Grinder
  1999 | D:3      | Paralysed by Grinder for 6 turns
  2004 | D:3      | HP: 2/46 [kobold (1)]
  2007 | D:3      | Slain by Grinder

Skill      XL: |  1  2  3  4 |
---------------+-------------+-----
Unarmed Combat | 4 5 |  5.7
Transmutations | 2 |  2.8
Fighting       | |  0.7
Dodging        | |  1.5
Spellcasting   | |  1.2

Action                   |  1- 3 |  4- 6 || total
-------------------------+-------+-------++-------
Melee: Unarmed           |    64 |    92 ||   156
       Punch             |     1 |     3 ||     4
       Headbutt          |       |     4 ||     4
 Cast: Beastly Appendage |     2 |     6 ||     8
 Stab: Sleeping          |     1 |       ||     1
  Eat: Chunk             |    10 |    14 ||    24
Armor: Robe              |    10 |    31 ||    41
Dodge: Dodged            |    26 |    47 ||    73
